Map: Blackpink LE

Players

Gemini

  • Race: Protoss Protoss
  • League: Grandmaster
  • Spawn Location: 1:00

A.I. 1 (Very Easy) - Winner!

  • Race: Protoss Protoss
  • Spawn Location: 7:00

VOD

Have the link to the VOD?

Description

Time

  • Played on: Feb. 11, 2018, 8:27 p.m.
  • Length: 7:24
Show
View Real Time Build Order
Export as new Build Order

Gemini Protoss 

Build Orders: Zealot Archon, Dark Templar Rush 

Get SALT Encoding   

  6  0:00  Probe  
  13  0:12  Probe  
  14  0:17  Pylon  
  14  0:24  Probe (Chrono Boost)  
  15  0:35  Gateway  
  15  0:37  Probe (Chrono Boost)  
  16  0:46  Probe (Chrono Boost), Assimilator  
  17  0:51  Probe (Chrono Boost)  
  17  0:55  Assimilator  
  18  1:03  Probe (Chrono Boost)  
  20  1:11  Probe (Chrono Boost)  
  20  1:13  Gateway  
  20  1:19  Probe  
  20  1:24  Cybernetics Core  
  21  1:31  Probe  
  22  1:36  Pylon  
  22  1:43  Probe  
  23  1:55  Probe  
  23  1:58  Warp Gate (Chrono Boost)  
  23  2:01  Stalker, Sentry  
  28  2:11  Pylon  
  28  2:16  Twilight Council  
  28  2:41  Nexus  
  28  2:48  Stalker  
  30  2:58  Dark Shrine  
  30  3:08  Probe  
  30  3:09  Stalker  
  33  3:16  Shield Battery  
  33  3:22  Probe  
  34  3:28  Shield Battery  
  34  3:35  Pylon, Probe  
  35  3:48  Probe  
  35  3:55  Probe  
  37  4:01  Probe  
  38  4:05  Sentry  
  38  4:07  Probe  
  41  4:11  Dark Templar  
  41  4:13  Probe (Chrono Boost)  
  41  4:15  Robotics Facility  
  44  4:23  Probe (Chrono Boost)  
  45  4:25  Probe (Chrono Boost)  
  46  4:33  Probe (Chrono Boost)  
  46  4:35  Probe (Chrono Boost)  
  48  4:39  Probe  
  48  4:43  Probe  
  50  4:51  Probe  
  51  4:54  Sentry, Forge  
  51  4:55  Pylon, Probe  
  51  4:59  Immortal (Chrono Boost)  
  54  5:03  Probe  
  54  5:06  Pylon  
  59  5:08  Probe  
  59  5:11  Charge  
  59  5:13  Protoss Ground Weapons Level 1 (Chrono Boost)  
  60  5:15  Probe  
  60  5:20  Probe  
  62  5:24  Assimilator  
  62  5:27  Probe, Assimilator  
  63  5:30  Pylon  
  63  5:31  Immortal (Chrono Boost)  
  63  5:32  Probe  
  68  5:43  Pylon  
  68  5:50  Probe  
  68  5:51  Probe  
  68  5:56  Immortal  
  70  6:03  Gateway  
  74  6:06  Gateway  
  74  6:08  Gateway  
  74  6:09  Gateway  
  74  6:14  Gateway  
  74  6:15  Templar Archives  
  74  6:18  Pylon  
  74  6:24  Probe x2  
  76  6:33  Immortal  
  76  6:37  Pylon  
  80  6:45  Nexus  
  80  6:49  Pylon  
  80  7:03  Gateway  
  80  7:04  Gateway  
  80  7:05  High Templar x2  
  84  7:09  Archon  
  84  7:16  Zealot x3  
Show
View Real Time Build Order
Export as new Build Order

A.I. 1 (Very Easy) Protoss - Winner!

Build Orders:  

Get SALT Encoding   

  6  0:00  Probe  
  13  0:13  Probe  
  14  0:20  Pylon  
  14  0:36  Assimilator  
  14  0:43  Gateway  
  14  0:46  Pylon  
  14  1:13  Assimilator  
  14  1:26  Probe  
  14  1:32  Zealot  
  17  1:33  Cybernetics Core  
  17  1:38  Probe  
  18  1:50  Probe  
  19  2:02  Probe  
  20  2:10  Warp Gate  
  20  2:14  Probe  
  21  2:26  Probe  
  22  2:49  Stalker  
  24  4:47  Probe  
  21  4:59  Probe  
  19  5:11  Probe  
  20  5:23  Probe  
  21  5:35  Probe  
  22  5:48  Probe  
  23  6:00  Probe  
  23  6:55  Probe  
Tags
 
Composition
Zealot Archon
Matchup
PvP
Spawn Locations
Cross Positions
Add a new tag
Caveats
  • Supply blocks, unpowered buildings, or Contaminate may cause inaccurate times.
  • Supply counts are checked every 10 seconds.